 Dungeon Crawl Stone Soup version 0.27-a0-531-gb72ec1a1b6 (webtiles) character file.

Game seed: 16728969911281432526

83 Morbidden the Shield-Bearer (level 4, -2/30 (35) HPs)
             Began as a Demonspawn Fighter on Mar 5, 2021.
             Killed by divine providence
             ... invoked by an orc priest
              (13 damage)
             ... on level 2 of the Dungeon.
             The game lasted 00:01:15 (1467 turns).

Morbidden the Shield-Bearer (Demonspawn Fighter)    Turns: 1467, Time: 00:01:16

HP:   -2/30 (35)    AC:  8    Str: 17    XL:     4   Next: 22%
MP:   4/4           EV:  7    Int: 10    God:
Gold: 55            SH:  9    Dex: 12    Spells: 3/3 levels left

rFire    . . .     SeeInvis .   a - +0 rapier
rCold    . . .     Faith    .   c - +0 kite shield
rNeg     . . .     Spirit   .   b - +0 scale mail
rPois    .         Reflect  .   (no helmet)
rElec    .         Harm     .   (no cloak)
rCorr    .         Rampage  .   (no gloves)
Will     .....                  (no boots)
Stlth    ..........             (no amulet)
HPRegen  0.10/turn              (no ring)
MPRegen  0.09/turn              (no ring)

@: heavily drained
A: slimy green scales 1, powered by pain 1
a: no special abilities


You were on level 2 of the Dungeon.
You visited 1 branch of the dungeon, and saw 2 of its levels.

You collected 55 gold pieces.

Inventory:

Hand Weapons
 a - a +0 rapier (weapon)
Missiles
 e - 13 poisoned darts (quivered)
Armour
 b - a +0 scale mail (worn)
 c - a +0 kite shield (worn)
Scrolls
 f - 5 scrolls of identify {unknown}
 g - 3 scrolls of teleportation {unknown}
 k - 3 scrolls of enchant armour {unknown}
 l - a scroll of fog {unknown}
Potions
 d - a potion of might
 h - a potion of curing {unknown}
 i - a potion of haste {unknown}
 j - 2 potions of heal wounds {unknown}


   Skills:
 + Level 3.3 Fighting
 + Level 2.5 Short Blades
 + Level 3.2 Armour
 + Level 0.6 Dodging
 + Level 3.4 Shields


You had 3 spell levels left.
You didn't know any spells.
Your spell library was empty.

Dungeon Overview and Level Annotations

Branches:
Dungeon (2/15)

Altars:


Innate Abilities, Weirdness & Mutations

You are partially covered in slimy green scales. (AC +2)
You sometimes gain a little power by taking damage.


Message History

You completely miss the orc priest. You block the orc's attack.
The hobgoblin hits you but does no damage.
You block the orc priest's attack. The orc barely misses you.
The orc hits you but does no damage.
The orc priest hits you but does no damage.
You feel drained.
The hobgoblin hits you but does no damage.
You hit the orc priest but do no damage.
You block the orc's attack. The orc hits you but does no damage.
The orc priest hits you but does no damage.
You feel drained. The hobgoblin closely misses you. The orc hits you.
You closely miss the orc priest. The orc hits you with a +0 dagger.
The orc priest hits you but does no damage.
You feel drained. The orc hits you but does no damage.
You block the hobgoblin's attack.
You barely miss the orc priest. The orc hits you but does no damage.
The orc priest barely misses you. You block the orc's attack.
The hobgoblin barely misses you. The orc hits you but does no damage.
Unknown command.
You hit the orc priest but do no damage.
The orc priest mumbles some strange prayers to Beogh against you.
You barely resist. The orc barely misses you.
The hobgoblin hits you but does no damage.
The orc hits you but does no damage.
The orc priest hits you but does no damage.
You feel drained. You block the orc's attack.
You hit the orc priest.
The orc priest is moderately wounded.
The hobgoblin hits you but does no damage.
The orc hits you but does no damage. You block the orc priest's attack.
You block the orc's attack.
You hit the orc priest.
The orc priest is moderately wounded.
You block the hobgoblin's attack. The orc hits you but does no damage.
The orc priest closely misses you. The orc barely misses you.
The hobgoblin hits you but does no damage.
You block the orc's attack.
The orc priest mumbles some strange prayers to Beogh against you.
Beogh smites you!
You die...

..#.#...........##.#
#+#.#?########....##..
#.#.#..........†..####
..................#### #
# #...................
..#.#....###########....
...................+....
#.....o..########.##....
......g@..........##....
##....oo###.....#.##....
+....... #.##.##.######
#.....##.#.#...#.#.....
####.....#.#.....+.....
##.......####.#.....
...........#.#.....
#.########.#.#.....
#.#.#.....


You could see an orc priest, 2 orcs and a hobgoblin.

Vanquished Creatures
  3 adders (D:2)
  An ooze (D:1)
  3 dart slugs (D:1)
  2 leopard geckos (D:1)
  2 giant cockroaches (D:1)
  8 goblins
  4 hobgoblins (D:1)
  5 kobolds
  2 quokkas (D:2)
  6 bats
  4 frilled lizards
  3 rats (D:1)
43 creatures vanquished.

Notes
Turn   | Place    | Note
-------+----------+-------------------------------------------
     0 | D:1      | Morbidden the Demonspawn Fighter began the quest for the
                  | Orb.
     0 | D:1      | Reached XP level 1. HP: 18/18 MP: 1/1
    69 | D:1      | Gained mutation: You are partially covered in slimy green
                  | scales. (AC +2) [demonic ancestry]
    69 | D:1      | Reached XP level 2. HP: 15/24 MP: 2/2
   275 | D:1      | Gained mutation: You sometimes gain a little power by
                  | taking damage. [demonic ancestry]
   275 | D:1      | Reached XP level 3. HP: 16/29 MP: 3/3
  1292 | D:2      | Reached XP level 4. HP: 34/35 MP: 4/4
  1467 | D:2      | Killed from afar by an orc priest

Illustrated notes

Levels and vault maps discovered:
D:1:      dpeg_arrival_morbid_curiosity, layout_basic, minmay_fountain_box,
          st_stairs_12
D:2:      layout_basic

Skill      XL: |  1  2 |
---------------+-------+-----
Shields        | 3 |  3.4
Armour         | 3 |  3.2
Short Blades   | 2 |  2.5
Fighting       | |  3.3
Dodging        | |  0.6

Action                   |  1- 3 |  4- 6 || total
-------------------------+-------+-------++-------
Melee: Rapier            |   136 |    28 ||   164
Armor: Scale mail        |    73 |    22 ||    95
Dodge: Dodged            |    55 |     9 ||    64
Block: Kite shield       |    90 |    26 ||   116

Table legend: (Time is in decaauts)
 A = Elapsed time spent in this place.
 B = Non-inter-level travel time spent in this place.
 C = Inter-level travel time spent in this place.
 D = Time resting spent in this place.
 E = Time spent auto-exploring this place.
 F = Levels seen in this place.
 G = Mean time per level.
                   A        B        C        D        E       F      G
               +--------+--------+--------+--------+--------+-----+--------+
         Total |   1522 |   1469 |     53 |      0 |   1129 |   2 |  761.0 |
       Dungeon |   1522 |   1469 |     53 |      0 |   1129 |   2 |  761.0 |
               +--------+--------+--------+--------+--------+-----+--------+

Top non-repeatable levels by time:
     D:1: 1166 daAuts
     D:2: 356 daAuts
